 Dungeon Crawl Stone Soup version 0.30-a0-122-g2a1322497e (webtiles) character file.

Game seed: 1501668854854712757

2884 Newt the Cleaver (level 9, -16/68 HPs)
             Began as a Demonspawn Gladiator on Sept 15, 2022.
             Was a Follower of Qazlal.
             Hit by a large rock thrown by a cyclops (42 damage)
             ... on level 7 of the Dungeon.
             The game lasted 00:06:51 (6419 turns).

Newt the Cleaver (Demonspawn Gladiator)             Turns: 6419, Time: 00:06:52

Health: -16/68     AC:  7    Str: 28    XL:     9   Next: 48%
Magic:  9/9        EV: 11    Int: 10    God:    Qazlal [*.....]
Gold:   274        SH:  8    Dex: 19    Spells: 8/8 levels left

rFire   . . .      SeeInvis .    h - +2 hand axe (venom)
rCold   . . .      Faith    .    F - +0 buckler
rNeg    + . .      Spirit   .    y - +0 scale mail
rPois   +          Reflect  .    (helmet restricted)
rElec   .          Harm     .    (no cloak)
rCorr   .          Rampage  .    (no gloves)
Will    .....                    (no boots)
Stlth   +++.......               m - amulet of regeneration
HPRegen 1.01/turn                r - ring "Qekonom" {rPois rN+ Str+4}
MPRegen 0.11/turn                s - +6 ring of strength

@: slowed, very slow
A: horns 1, thin skeletal structure 2, foul stench 1, powered by death 1
a: Renounce Religion


You were on level 7 of the Dungeon.
You worshipped Qazlal.
Qazlal was aware of your devotion.
You visited 2 branches of the dungeon, and saw 9 of its levels.

You collected 334 gold pieces.
You spent 60 gold pieces at shops.

Inventory:

Hand Weapons
 a - a +0 vorpal rapier
 h - a +2 hand axe of venom (weapon)
Missiles
 d - 3 throwing nets (quivered)
 e - a javelin
 E - 6 poisoned darts
Armour
 b - a +0 leather armour
 c - a +0 helmet
 y - a +0 scale mail (worn)
 F - a +0 buckler (worn)
 G - a +0 ring mail
Jewellery
 m - an amulet of regeneration (around neck)
 r - the ring "Qekonom" (left hand) {rPois rN+ Str+4}
   (You found it on level 3 of the Dungeon)

   [ring of positive energy]

   Str:       It affects your strength (+4).
   rPois:     It protects you from poison.
   rN:        It protects you from negative energy.
 s - a +6 ring of strength (right hand)
 u - a ring of fire
 A - an amulet of faith
 K - a ring of see invisible
 L - an amulet of magic regeneration
Wands
 C - a wand of paralysis (17)
 H - a wand of roots (10)
Scrolls
 f - 2 scrolls of magic mapping
 l - 2 scrolls of immolation
 p - 2 scrolls of vulnerability
 w - 2 scrolls of amnesia
 x - 2 scrolls of poison
 D - 2 scrolls of teleportation
 I - 2 scrolls of butterflies {unknown}
 M - a scroll of blinking {unknown}
 N - a scroll of identify
Potions
 g - 4 potions of curing
 i - a potion of invisibility {unknown}
 j - 2 potions of brilliance
 k - 2 potions of ambrosia
 n - a potion of berserk rage {unknown}
 o - 2 potions of haste
 q - 2 potions of lignification {unknown}
 t - a potion of degeneration {unknown}
 v - 3 potions of heal wounds
 z - 2 potions of might {unknown}
 B - a potion of flight {unknown}
 J - a potion of magic {unknown}


   Skills:
 + Level 5.3 Fighting
 - Level 2.6 Short Blades
 - Level 8.0 Axes
 - Level 1.7 Throwing
 - Level 6.0 Armour
 - Level 2.6 Dodging
 - Level 2.0 Stealth
 - Level 4.0 Shields


You had 8 spell levels left.
You didn't know any spells.
Your spell library contained the following spells:

 Spells                   Type           Power      Damage    Failure   Level
 Apportation              Tloc           0%         N/A       71%         1
 Necrotise                Necr           0%         1d4       71%         1
 Summon Small Mammal      Summ           0%         N/A       71%         1
 Gell's Gravitas          Tloc           0%         N/A       97%         3
 Teleport Other           Tloc           0%         N/A       97%         3
 Dispersal                Tloc           0%         N/A       100%        6


Dungeon Overview and Level Annotations

Branches:
Dungeon (8/15)             Temple (1/1) D:4
   Lair: D:8-11

Altars:
Ashenzari
Cheibriados
Dithmenos
Fedhas
Gozag
Hepliaklqana
Kikubaaqudgha
Makhleb
Nemelex Xobeh
Qazlal
Ru
Sif Muna
Trog
Uskayaw
Vehumet
Wu Jian
Xom
Yredelemnul

Shops:
D:4 **:   D:6 =


Innate Abilities, Weirdness & Mutations

You have a pair of small horns on your head.
You have a moderately thin skeletal structure. (Dex +4, Stealth++)
You may rarely emit foul miasma when damaged in melee.
You regenerate a little health from kills.


Message History

The vampire mosquito misses you. The wraith hits you.
The wraith drains your vigour!
You feel as though you will be slow longer.
You emit a cloud of foul miasma!
The vampire mosquito bites you. You block the wraith's attack.
A kobold demonologist comes into view.
It is wielding a +0 dagger of electrocution and wearing the +1 robe "Xyc Vut" {rPois Str+5}.
The kobold demonologist shouts!
You slash the wraith!
The wraith is severely damaged.
You miss the vampire mosquito. The vampire mosquito bites you!
The vampire mosquito draws strength from your injuries!
The vampire mosquito closely misses you.
The vampire mosquito bites you. The wraith hits you!
The wraith drains your vigour!
You feel as though you will be slow longer.
Unknown command.
You are too injured to fight recklessly!
Unknown command.
Unknown command.
You slash the wraith!
You destroy the wraith!
Qazlal accepts your kill.
You hit the vampire mosquito. The vampire mosquito bites you!
The vampire mosquito draws strength from your injuries!
The vampire mosquito bites you but does no damage. x2
Your Fighting skill increases to level 5!
You closely miss the vampire mosquito. You headbutt the vampire mosquito!
The vampire mosquito is moderately damaged.
The vampire mosquito barely misses you.
The vampire mosquito bites you but does no damage.
You block the vampire mosquito's attack.
Unknown command.
You slash the vampire mosquito!
The vampire mosquito is severely damaged.
The vampire mosquito barely misses you.
The kobold demonologist mumbles some strange words.
The vampire mosquito completely misses you.
The cyclops throws a large rock.
The large rock hits you!!!
Ouch! That really hurt!
You die...

#.#..#.###.# #.###....
#....#. #.# #.###....
#.##.#.###.# .#...#()..
#.##.##...## .##.#.#.###
#.##.###.#######
.###.#.#....
#.##.#.....#...#
K.4##....####
####.#.###.#..####...#
#....# #
#.#.......#.#yC.# #....#
# #.#.#.#.####@○# #..###
# #.#.....# #...# #..#
#.###################..#
#......................#
###################....#
######


You could see a cyclops, a kobold demonologist, a red devil (summoned) and a
vampire mosquito.

Vanquished Creatures
  Maggie (D:6)
  A wraith (D:7)
  Edmund (D:6)
  2 sky beasts
  An ice beast (D:6)
  3 ogres
  3 centaurs
  A phantom (D:6)
  A bullfrog (D:5)
  2 necrophages
  A gnoll sergeant (D:5)
  3 scorpions
  4 howler monkeys
  6 hounds
  6 orc priests
  3 jellies
  3 iguanas
  3 orc wizards
  Terence (D:3)
  6 gnolls
  9 adders
  A shadow imp (D:7)
  2 white imps
  2 ufetubi
  4 dart slugs
  22 orcs
  9 ball pythons
  4 endoplasms
  A giant cockroach (D:4)
  7 goblins
  4 hobgoblins
  5 jackals
  7 quokkas
  10 bats
  A frilled lizard (D:2)
  4 kobolds
  2 rats
146 creatures vanquished.

Notes
Turn   | Place    | Note
-------+----------+-------------------------------------------
     0 | D:1      | Newt the Demonspawn Gladiator began the quest for the Orb.
     0 | D:1      | Reached XP level 1. HP: 16/16 MP: 1/1
    63 | D:1      | Reached skill level 1 in Stealth
   320 | D:1      | Gained mutation: You regenerate a little health from kills.
                  | [demonic ancestry]
   320 | D:1      | Reached XP level 2. HP: 22/22 MP: 2/2
   996 | D:2      | Found a faded altar of an unknown god.
  1013 | D:2      | Gained mutation: You have a somewhat thin skeletal
                  | structure. (Dex +2, Stealth+) [demonic ancestry]
  1013 | D:2      | Reached XP level 3. HP: 28/28 MP: 3/3
  1812 | D:3      | Identified the ring "Qekonom" {rPois rN+ Str+4}
  2063 | D:3      | Gained mutation: You have a pair of small horns on your
                  | head. [demonic ancestry]
  2063 | D:3      | Reached XP level 4. HP: 37/37 MP: 4/4
  2213 | D:3      | Noticed Terence
  2219 | D:3      | Killed Terence
  2255 | D:3      | Reached skill level 1 in Axes
  2424 | D:3      | Reached skill level 2 in Axes
  2424 | D:3      | Gained mutation: You have a moderately thin skeletal
                  | structure. (Dex +4, Stealth++) [demonic ancestry]
  2424 | D:3      | Reached XP level 5. HP: 42/42 MP: 5/5
  3158 | D:4      | Reached skill level 3 in Axes
  3168 | D:4      | Reached XP level 6. HP: 32/48 MP: 6/6
  3185 | D:4      | Reached skill level 4 in Axes
  3219 | D:4      | HP: 2/48 [ogre/+0 giant spiked club (37)]
  3417 | D:4      | Reached skill level 5 in Axes
  3430 | D:4      | Found Wolom's Tremendous Tomes.
  3460 | D:4      | Found Kikk's Specific Store.
  3462 | D:4      | Found Miriunna's General Store.
  3466 | D:4      | Bought a potion of heal wounds for 60 gold pieces
  3669 | D:4      | Found a staircase to the Ecumenical Temple.
  3874 | Temple   | Entered the Ecumenical Temple
  3961 | Temple   | Became a worshipper of Qazlal Stormbringer
  4012 | D:5      | Entered Level 5 of the Dungeon
  4031 | D:5      | Reached XP level 7. HP: 54/54 MP: 7/7
  4107 | D:5      | Reached skill level 6 in Axes
  4301 | D:5      | Found a blossoming altar of Fedhas.
  4309 | D:5      | Reached skill level 7 in Axes
  4536 | D:5      | Gained mutation: You may rarely emit foul miasma when
                  | damaged in melee. [demonic ancestry]
  4536 | D:5      | Reached XP level 8. HP: 60/60 MP: 8/8
  5013 | D:6      | Found Sahusuj's Jewellery Shop.
  5033 | D:6      | Found a sparkling altar of Nemelex Xobeh.
  5033 | D:6      | Found an ornate altar of the Wu Jian Council.
  5033 | D:6      | Found a shimmering blue altar of Sif Muna.
  5060 | D:6      | Noticed Maggie
  5076 | D:6      | Killed Maggie
  5077 | D:6      | Reached skill level 8 in Axes
  5166 | D:6      | Found a broken altar of Ashenzari.
  5222 | D:6      | Reached * piety under Qazlal
  5250 | D:6      | Found a snail-covered altar of Cheibriados.
  5267 | D:6      | Reached skill level 1 in Armour
  5395 | D:6      | Found a bloodstained altar of Trog.
  5486 | D:6      | Noticed Edmund
  5503 | D:6      | Killed Edmund
  5679 | D:6      | Reached XP level 9. HP: 58/65 MP: 9/9
  5931 | D:7      | Reached skill level 5 in Armour
  5951 | D:7      | You fall into a shaft and drop 1 floor!
  6412 | D:7      | Noticed a cyclops
  6415 | D:7      | Identified the +1 robe "Xyc Vut" {rPois Str+5}
  6415 | D:7      | Noticed a kobold demonologist
  6418 | D:7      | Reached skill level 5 in Fighting
  6419 | D:7      | Hit by a large rock thrown by a cyclops

Illustrated notes

Levels and vault maps discovered:
D:1:      ebering_hopf_link, layout_basic
D:2:      layout_loops_corners, ebering_ecumenical_altar_abandoned,
          corexii_leaking_fountain
D:3:      layout_basic, serial_co_window_serial, co_window_paths_b,
          co_window_paths_b, co_window_of_opportunity_a, co_window_paths_b,
          co_window_corner_a, co_window_paths_b, co_window_of_opportunity_a,
          co_window_paths_a, co_window_paths_a, co_window_unsneaky_path_c,
          co_window_broadway_b, co_window_2corner, co_window_paths_c,
          co_window_of_opportunity_c, co_window_4corner_a, glass_columns_b,
          glass_columns_a, glass_columns_a, glass_columns_c, glass_columns_c,
          kennysheep_generic_room_9, uniq_terence
D:4:      layout_gridville, minmay_temple_entry_glassed_door,
          nicolae_kite_square_tiling_tiny, nicolae_shop_i_like_big_books,
          nicolae_specific_store, st_stairs_10, hangedman_decor_opposing
D:5:      layout_basic, mainiacjoe_overflow_tiny_flanked
D:6:      layout_loops_ring, nicolae_ashenzari_skybound, old_standard_altar,
          lemuel_round_altar, chequers_temple_overflow_statue_of_worship,
          serial_shops, nicolae_square_shop, minmay_misc_feat_room, uniq_edmund,
          uniq_maggie
D:7:      minmay_the_grid_square_5x5_3x3
          [minmay_the_grid_square_5x5_half_checkered,
          minmay_the_grid_square_5x5_eight,
          minmay_the_grid_square_5x5_fancy_junction,
          minmay_the_grid_square_5x5_shrine2,
          minmay_the_grid_square_5x5_megaprize_checkered,
          minmay_the_grid_square_5x5_c, minmay_the_grid_square_5x5_inner_z,
          minmay_the_grid_square_5x5_inverted_slash,
          minmay_the_grid_square_5x5_meh], layout_rooms
D:8:      layout_loops_corners, due_lair_maze_entry_diamond,
          hellmonk_ghost_happy_afterlife
Temple:   compressed_dpeg_circular_temple

Skill      XL: |  1  2  3  4  5  6  7  8  9 |
---------------+----------------------------+-----
Stealth        | 1 2 |  2.0
Fighting       | 3 4 5 |  5.3
Axes           | 2 3 5 7 8 |  8.0
Shields        | 4 |  4.0
Armour         | 4 6 |  6.0
Short Blades   | |  2.6
Throwing       | |  1.7
Dodging        | |  2.6

Action                   |  1- 3 |  4- 6 |  7- 9 || total
-------------------------+-------+-------+-------++-------
Melee: Rapier            |    75 |       |       ||    75
       Punch             |     1 |     1 |     1 ||     3
       Hand axe          |    49 |    78 |   224 ||   351
       Headbutt          |       |    12 |    47 ||    59
Throw: Javelin           |       |     1 |       ||     1
       Throwing net      |       |     1 |       ||     1
  Use: Scroll            |     7 |       |     4 ||    11
       Potion            |     2 |       |       ||     2
 Stab: Sleeping          |     8 |     8 |     7 ||    23
       Distracted        |       |     1 |       ||     1
Armor: Leather armour    |    45 |     7 |    10 ||    62
       Ring mail         |       |       |     4 ||     4
       Scale mail        |       |       |    21 ||    21
Dodge: Dodged            |   105 |    52 |   104 ||   261
Block: Buckler           |       |       |    42 ||    42

Table legend: (Time is in decaauts)
 A = Elapsed time spent in this place.
 B = Non-inter-level travel time spent in this place.
 C = Inter-level travel time spent in this place.
 D = Time resting spent in this place.
 E = Time spent auto-exploring this place.
 F = Levels seen in this place.
 G = Mean time per level.
                   A        B        C        D        E       F      G
               +--------+--------+--------+--------+--------+-----+--------+
         Total |   6437 |   6181 |    256 |    370 |   4694 |   9 |  715.2 |
       Dungeon |   6320 |   6101 |    219 |    370 |   4625 |   8 |  790.0 |
        Temple |    117 |     81 |     36 |      0 |     69 |   1 |  117.0 |
               +--------+--------+--------+--------+--------+-----+--------+

Top non-repeatable levels by time:
     D:3: 1333 daAuts
     D:5: 981 daAuts
     D:1: 939 daAuts
     D:2: 871 daAuts
     D:6: 862 daAuts
     D:4: 780 daAuts
     D:7: 440 daAuts
  Temple: 117 daAuts
     D:8: 112 daAuts
